 Dungeon Crawl Stone Soup version 0.19.1 (webtiles) character file.

249 truemonolith the Chopper (level 6, -1/47 HPs)
             Began as a Formicid Fighter on Nov 24, 2016.
             Slain by a gnoll
             ... wielding a +0 halberd
              (8 damage)
             ... on level 4 of the Dungeon.
             The game lasted 00:07:02 (3041 turns).

truemonolith the Chopper (Formicid Fighter)         Turns: 3041, Time: 00:07:03

Health: -1/47      AC:  7    Str: 22    XL:     6   Next: 34%
Magic:  6/6        EV: 10    Int:  8    God:
Gold:   173        SH:  9    Dex: 10    Spells: 0 memorised, 5 levels left

rFire  + . .     SeeInvis +     a - +0 war axe
rCold  . . .     Gourm    .     s - +3 leather armour {rF+}
rNeg   . . .     Faith    .     c - +0 shield
rPois  .         Spirit   .     (helmet unavailable)
rElec  .         Reflect  .     (no cloak)
rCorr  .         Harm     .     e - +0 pair of gloves
MR     .....                    (no boots)
Stlth  +.........               (no amulet)
                                (no ring)
                                (no ring)

@: no status effects
A: permanent stasis, dig shafts and tunnels, four strong arms, antennae 3
a: Dig, Shaft Self


You were on level 4 of the Dungeon.
You were not hungry.

You visited 1 branch of the dungeon, and saw 4 of its levels.

You collected 173 gold pieces.

Inventory:

Hand Weapons
 a - a +0 war axe (weapon)
Armour
 b - a +0 scale mail
 c - a +0 shield (worn)
 e - a +0 pair of gloves (worn)
 s - a +3 leather armour of fire resistance (worn)
Jewellery
 j - an uncursed amulet of harm
Scrolls
 o - a scroll of amnesia {unknown}
 q - a scroll of random uselessness {unknown}
 r - a scroll of enchant armour {unknown}
 t - 2 scrolls of remove curse {unknown}
 u - a scroll of blinking {unknown}
 x - a scroll of fog {unknown}
Potions
 d - a potion of might
 k - a potion of brilliance
 l - a potion of agility {unknown}
 m - 3 potions of curing {unknown}
 v - 2 potions of degeneration {unknown}
 w - a potion of lignification {unknown}
Comestibles
 f - a bread ration
 g - a meat ration
 h - 4 beef jerkies
 i - a slice of pizza
 p - 6 fruits


   Skills:
 - Level 3.2 Fighting
 + Level 5.2 Axes
 - Level 3.2 Armour
 + Level 2.5 Dodging
 + Level 1.5 Stealth
 - Level 3.6 Shields


You had 5 spell levels left.
You didn't know any spells.

Dungeon Overview and Level Annotations

Branches:
Dungeon (4/15)
 Temple: D:4-7

Altars:
Cheibriados
Dithmenos
Gozag
Qazlal


Innate Abilities, Weirdness & Mutations

You are under a permanent stasis effect.
You can dig through walls and to a lower floor.
Your four strong arms can wield two-handed weapons with a shield.
You have a pair of large antennae on your head. (SInv)


Message History

You kill the gnoll!
The gnoll hits you from afar with a spear.
Things that are here:
a flail of holy wrath; a gnoll corpse The gnoll hits you from afar with a halberd.
The gnoll hits you but does no damage.
The gnoll hits you from afar with a halberd!
You block the gnoll's attack.
The gnoll hits you from afar with a halberd!
You hit the gnoll.
The gnoll is moderately wounded.
The gnoll hits you but does no damage. The gnoll misses you.
The gnoll hits you from afar with a halberd.
You slash the gnoll!
You kill the gnoll!
The gnoll hits you but does no damage.
The gnoll hits you from afar with a halberd!
* * * LOW HITPOINT WARNING * * *
The gnoll hits you with a halberd!
You die...

#....._.....##.#
#.# #.......#....#
#.# #...(...#.##.#
#.# #
##.....##.##.# #.#
....####.####.##.#
#.#
#..............#
##.##.#.........
#...#g###.#.
#.#..g#@#
........#
#.......#
#.......#
...#...#.#
####...#..
....##.. #####
####


You could see a gnoll.

Vanquished Creatures
  An orc priest (D:4)
  Jessica (D:3)
  Ijyb (D:2)
  Natasha (thrice) (D:3)
  2 gnolls (D:4)
  An ooze (D:2)
  A worm (D:2)
  2 dart slugs
  A leopard gecko (D:2)
  7 orcs
  2 ball pythons (D:1)
  3 giant cockroaches
  5 goblins
  4 hobgoblins
  4 jackals (D:3)
  10 kobolds
  A quokka (D:2)
  5 bats
  3 frilled lizards
  10 rats
67 creatures vanquished.

Notes
Turn   | Place    | Note
-------+----------+-------------------------------------------
     0 | D:1      | truemonolith the Formicid Fighter began the quest for the Orb.
     0 | D:1      | Reached XP level 1. HP: 18/18 MP: 1/1
   153 | D:1      | Reached XP level 2. HP: 24/24 MP: 2/2
   366 | D:1      | Reached skill level 1 in Dodging
   789 | D:1      | Reached XP level 3. HP: 29/29 MP: 3/3
  1003 | D:2      | Found a stormy altar of Qazlal.
  1024 | D:2      | Reached skill level 3 in Axes
  1414 | D:2      | Found a snail-covered altar of Cheibriados.
  1437 | D:2      | Noticed Ijyb
  1459 | D:2      | Killed Ijyb
  1459 | D:2      | Reached XP level 4. HP: 10/35 MP: 4/4
  2060 | D:3      | Noticed Natasha
  2063 | D:3      | Killed Natasha
  2063 | D:3      | Reached skill level 1 in Stealth
  2063 | D:3      | Reached XP level 5. HP: 40/41 MP: 5/5
  2088 | D:3      | Noticed Natasha
  2093 | D:3      | Killed Natasha
  2093 | D:3      | Reached skill level 4 in Axes
  2193 | D:3      | Noticed Jessica
  2204 | D:3      | Killed Jessica
  2234 | D:3      | Found a shadowy altar of Dithmenos.
  2331 | D:3      | Noticed Natasha
  2337 | D:3      | Killed Natasha
  2482 | D:3      | Reached XP level 6. HP: 47/47 MP: 6/6
  2729 | D:4      | Reached skill level 5 in Axes
  3024 | D:4      | Found an opulent altar of Gozag.
  3041 | D:4      | Slain by a gnoll

Skill      XL: |  1  2  3  4  5  6 |
---------------+-------------------+-----
Dodging        | 1 2 |  2.5
Axes           | 3 4 5 |  5.2
Stealth        | 1 |  1.5
Fighting       | |  3.2
Armour         | |  3.2
Shields        | |  3.6

Action                   |  1- 3 |  4- 6 || total
-------------------------+-------+-------++-------
Melee: War axe           |   168 |    83 ||   251
  Use: Potion            |     1 |       ||     1
       Scroll            |       |     4 ||     4
  Eat: Bread ration      |     1 |     1 ||     2
Armor: Scale mail        |    98 |       ||    98
       Leather armour    |       |    29 ||    29
Dodge: Dodged            |    60 |    32 ||    92
Block: Shield            |   109 |    47 ||   156
